 Dungeon Crawl Stone Soup version 0.30-a0-377-g5cb311bc9f (webtiles) character file.

Game seed: 18446081088316217984

480 funkygono the Magician (level 6, 0/41 HPs)
             Began as a Demonspawn Fire Elementalist on Nov 30, 2022.
             Slain by Pikel
             ... wielding a +1 whip of freezing
              (4 damage)
             ... on level 4 of the Dungeon.
             The game lasted 00:07:53 (3648 turns).

funkygono the Magician (DsFE)                       Turns: 3648, Time: 00:07:54

Health: 0/41       AC:  4    Str:  9    XL:     6   Next: 86%
Magic:  2/13       EV: 12    Int: 18    God:
Gold:   193        SH:  0    Dex: 13    Spells: 4/14 levels left

rFire   + . .      SeeInvis .    j - +2 dagger (protect)
rCold   x . .      Faith    .    (no shield)
rNeg    . . .      Spirit   .    a - +0 robe
rPois   .          Reflect  .    m - +1 helmet
rElec   .          Harm     .    (no cloak)
rCorr   .          Rampage  .    (no gloves)
Will    .....                    (no boots)
Stlth   ++........               f - amulet of magic regeneration
HPRegen 0.26/turn                k - +4 ring of slaying
MPRegen 0.53/turn                e - ring of fire

@: no status effects
A: claws 2, demonic guardian 1
a: no special abilities


You were on level 4 of the Dungeon.
You visited 1 branch of the dungeon, and saw 5 of its levels.
You also visited: Sewer.

You collected 193 gold pieces.

Inventory:

Hand Weapons
 c - a +0 mace
 j - a +2 dagger of protection (weapon)
Armour
 a - a +0 robe (worn)
 m - a +1 helmet (worn)
Jewellery
 e - a ring of fire (right claw)
 f - an amulet of magic regeneration (around neck)
 k - a +4 ring of slaying (left claw)
 p - an amulet of reflection
Wands
 u - a wand of digging (5)
Scrolls
 n - a scroll of amnesia
 q - a scroll of teleportation
 r - 2 scrolls of blinking
Potions
 b - 3 potions of magic
 d - 3 potions of haste
 g - 2 potions of curing
 h - a potion of heal wounds {unknown}
 i - 4 potions of mutation
 l - a potion of attraction {unknown}
 o - a potion of degeneration {unknown}
 t - 3 potions of might {unknown}
 v - 5 potions of invisibility


   Skills:
 + Level 2.1 Dodging
 - Level 1.7 Stealth
 + Level 4.7 Spellcasting
 + Level 3.1 Conjurations
 + Level 4.6 Fire Magic


You had 4 spell levels left.
You knew the following spells:

 Your Spells              Type           Power      Damage    Failure   Level
a - Foxfire               Conj/Fire      100%       2x1d9     2%          1
b - Scorch                Fire           62%        2d8       3%          2
c - Kindle Blastsparks    Fire/Tloc/Air  28%        2d12      22%         3
d - Flame Wave            Conj/Fire      27%        2d9       26%         4

Your spell library contained the following spells:

 Spells                   Type           Power      Damage    Failure   Level
 Kiss of Death            Conj/Necr      36%        2d8       7%          1
 Necrotise                Necr           16%        1d4       14%         1
 Inner Flame              Hex/Fire       18%        N/A       16%         3
 Sublimation of Blood     Necr           4%         N/A       21%         2
 Call Canine Familiar     Summ           4%         N/A       38%         3
 Portal Projectile        Hex/Tloc       8%         N/A       38%         3
 Summon Guardian Golem    Hex/Summ       4%         N/A       38%         3
 Leda's Liquefaction      Hex/Erth       2%         N/A       80%         4
 Orb of Destruction       Conj           7%         9d6       100%        7
 Spellforged Servitor     Conj/Summ      4%         N/A       100%        7
 Lehudib's Crystal Spear  Conj/Erth      4%         10d3      100%        8
 Shatter                  Erth           2%         3d6*      100%        9


Dungeon Overview and Level Annotations

Branches:
Dungeon (5/15)              Sewer (visited)
 Temple: D:4-7

Altars:
Cheibriados
Yredelemnul

Annotations:
D:4 Pikel


Innate Abilities, Weirdness & Mutations

You have very sharp fingernails.
A weak demonic guardian rushes to your aid.


Message History

Pikel is heavily wounded.
Pikel barely misses you.
Casting: Foxfire (safe; 2% risk of failure)
Confirm with . or Enter, or press ? or * to list all spells.
You feel a surge of power!
You conjure some foxfire!
Pikel says, "All the lords of Hell know my name!"
Pikel hits you with a +1 whip of freezing!
Pikel freezes you.
* * * LOW HITPOINT WARNING * * *
The foxfire hits Pikel but does no damage.
Pikel is heavily wounded.
The foxfire hits Pikel.
Pikel is heavily wounded.
Pikel hits you with a +1 whip of freezing.
* * * LOW HITPOINT WARNING * * *
A demonic guardian appears!
Pikel freezes you.
* * * LOW HITPOINT WARNING * * *
Casting: Foxfire (safe; 2% risk of failure)
Confirm with . or Enter, or press ? or * to list all spells.
You feel a surge of power!
You conjure some foxfire!
Pikel hits you with a +1 whip of freezing.
* * * LOW HITPOINT WARNING * * *
Pikel freezes you.
* * * LOW HITPOINT WARNING * * *
You feel better.
The foxfire hits Pikel but does no damage.
Pikel is heavily wounded.
Pikel barely misses you.
Your white imp gestures at Pikel.
The puff of frost hits Pikel.
Unknown command.
Pikel hits you with a +1 whip of freezing.
* * * LOW HITPOINT WARNING * * *
Pikel freezes you.
* * * LOW HITPOINT WARNING * * *
Your white imp misses Pikel.
Unknown command.
Pikel attacks as you move away!
Pikel hits you with a +1 whip of freezing.
You die...

#
#..##....###.##.#
#
#............##.#
#
#..##....######.#
# #........# #.#
####.###.### #.#
#..>.# #.# #.#
#..### #.# ##.#
...# #.# #K5# #..#
#.### #@## #..#
#...#####.# #.##
#.........# #.#
##.#.###..#
#.######.###.....#
#........)#.###.##
#.########.## #.#
....# #.# #.#
#.#.# #.# #.#


You could see Pikel (ally target) and a friendly white imp (summoned).

Vanquished Creatures
  An ogre (D:4)
  A lemure (D:5)
  A scorpion (D:5)
  An iguana (D:4)
  4 orc wizards
  8 adders
  2 river rats
  2 worms
  A dart slug (D:3)
  6 orcs
  4 bats
  5 endoplasms
  3 giant cockroaches
  9 goblins
  6 hobgoblins
  5 jackals
  17 kobolds
  3 quokkas
  11 ball pythons
  8 frilled lizards
  33 rats
131 creatures vanquished.

Vanquished Creatures (others)
  317 foxfires
317 creatures vanquished.

Grand Total: 448 creatures vanquished

Notes
Turn   | Place    | Note
-------+----------+-------------------------------------------
     0 | D:1      | funkygono the Demonspawn Fire Elementalist began the quest
                  | for the Orb.
     0 | D:1      | Reached XP level 1. HP: 13/13 MP: 3/3
   157 | D:1      | Gained mutation: You have sharp fingernails. [demonic
                  | ancestry]
   157 | D:1      | Reached XP level 2. HP: 19/19 MP: 5/5
   160 | D:1      | Learned a level 2 spell: Scorch
   547 | D:2      | Gained mutation: You have very sharp fingernails. [demonic
                  | ancestry]
   547 | D:2      | Reached XP level 3. HP: 24/24 MP: 6/6
   551 | D:2      | Learned a level 3 spell: Kindle Blastsparks
   812 | D:2      | Found a faded altar of an unknown god.
  1103 | D:2      | Reached XP level 4. HP: 30/30 MP: 6/8
  1827 | D:3      | Gained mutation: A weak demonic guardian rushes to your
                  | aid. [demonic ancestry]
  1827 | D:3      | Reached XP level 5. HP: 30/35 MP: 7/10
  1885 | D:3      | Learned a level 4 spell: Flame Wave
  2134 | D:3      | Found a basalt altar of Yredelemnul.
  2452 | D:4      | Found a snail-covered altar of Cheibriados.
  2455 | D:4      | Noticed an ogre
  2460 | D:4      | Killed an ogre
  2461 | D:4      | Reached XP level 6. HP: 40/41 MP: 5/12
  2666 | D:4      | Identified the +4 dagger of the Hugging Puffin {pain,
                  | Dex+3}
  2829 | D:5      | Entered Level 5 of the Dungeon
  3073 | D:5      | Found a glowing drain.
  3081 | Sewer    | Entered a sewer
  3578 | Sewer    | Identified a scroll of acquirement
  3578 | Sewer    | Acquired Lihouhah's Spellbook of Stolen Souls and the
                  | Geologist
  3624 | D:5      | Noticed Pikel
  3644 | D:4      | HP: 2/41 [Pikel/+1 whip of freezing (1)]
  3648 | D:4      | Slain by Pikel

Illustrated notes

Levels and vault maps discovered:
D:1:      scummos_arrival_gate, layout_rooms
D:2:      layout_basic, shapermc_ecumenical_altar_acropolis,
          minmay_tiny_reverse_x
D:3:      layout_basic, mainiacjoe_overflow_alcove_2
D:4:      layout_loops_ring, old_standard_altar, hangedman_glass_teeth,
          minmay_misc_feat_enclosed
D:5:      layout_layer_cave, grunt_gozag_statues, mainiacjoe_overflow_two_lobes,
          portal_sewer_entry_b, minmay_stone_trees_small, minmay_small_thing,
          uniq_pikel

Skill      XL: |  1  2  3  4  5  6 |
---------------+-------------------+-----
Fire Magic     | 3 4 |  4.6
Dodging        | 2 |  2.1
Spellcasting   | 3 4 |  4.7
Conjurations   | 2 3 |  3.1
Stealth        | |  1.7

Action                   |  1- 3 |  4- 6 || total
-------------------------+-------+-------++-------
Melee: Dagger            |       |     3 ||     3
 Cast: Foxfire           |    57 |   126 ||   183
       Scorch            |     7 |    26 ||    33
  Use: Scroll            |     5 |    11 ||    16
       Potion            |       |     1 ||     1
Armor: Robe              |     3 |    14 ||    17
Dodge: Dodged            |    11 |    20 ||    31

Table legend: (Time is in decaauts)
 A = Elapsed time spent in this place.
 B = Non-inter-level travel time spent in this place.
 C = Inter-level travel time spent in this place.
 D = Time resting spent in this place.
 E = Time spent auto-exploring this place.
 F = Levels seen in this place.
 G = Mean time per level.
                   A        B        C        D        E       F      G
               +--------+--------+--------+--------+--------+-----+--------+
         Total |   3663 |   3589 |     74 |    189 |   2611 |   6 |  610.5 |
       Dungeon |   3125 |   3051 |     74 |    189 |   2188 |   5 |  625.0 |
         Sewer |    537 |    537 |      0 |      0 |    422 |   1 |  537.0 |
               +--------+--------+--------+--------+--------+-----+--------+

Top non-repeatable levels by time:
     D:2: 1110 daAuts
     D:4: 601 daAuts
     D:3: 586 daAuts
     D:1: 541 daAuts
   Sewer: 537 daAuts
     D:5: 286 daAuts
